 Dungeon Crawl Stone Soup version 0.22.1-2-g9c5b331 (webtiles) character file.

127 beigtais the Conjurer (level 4, 0/30 HPs)
             Began as a Demonspawn Conjurer on Dec 18, 2018.
             Slain by a worker ant (5 damage)
             ... on level 3 of the Dungeon.
             The game lasted 00:16:00 (4219 turns).

beigtais the Conjurer (Demonspawn Conjurer)         Turns: 4219, Time: 00:16:02

Health: 0/30       AC:  3    Str:  9      XL:     4   Next: 85%
Magic:  0/8        EV: 12    Int: 16 (17) God:
Gold:   167        SH:  0    Dex: 13      Spells: 2/8 levels left

rFire    . . .     SeeInvis .   k - +0 short sword
rCold    + . .     Gourm    .   (no shield)
rNeg     . . .     Faith    .   a - +0 robe
rPois    .         Spirit   .   e - +0 helmet
rElec    .         Reflect  .   f - scarf {cloud immunity}
rCorr    .         Harm     .   (no gloves)
MR       .....                  (no boots)
Stlth    ++........             (no amulet)
HPRegen  0.10/turn              (no ring)
MPRegen  0.11/turn              (no ring)

@: lethally poisoned (0 -> -3)
A: hooves 1, cold resistance 1, sturdy frame 1
a: no special abilities


You were on level 3 of the Dungeon.
You were not hungry.

You visited 1 branch of the dungeon, and saw 4 of its levels.

You collected 167 gold pieces.

Inventory:

Hand Weapons
 h - a +0 dagger
 k - a +0 short sword (weapon)
Missiles
 g - 57 stones (quivered)
 i - a throwing net
Armour
 a - a +0 robe (worn)
 b - a cursed +0 ring mail
 e - a +0 helmet (worn)
 f - a scarf of cloud immunity (worn)
Scrolls
 d - a scroll of magic mapping {unknown}
Comestibles
 c - 4 rations


   Skills:
 * Level 0.2 Short Blades
 * Level 2.3 Dodging
 + Level 1.9 Stealth
 * Level 2.8 Spellcasting
 * Level 5.4 Conjurations


You had 2 spell levels left.
You knew the following spells:

 Your Spells              Type           Power        Failure   Level  Hunger
a - Magic Dart            Conj           ###.         1%          1    #......
b - Searing Ray           Conj           ###...       3%          2    ##.....
c - Dazzling Spray        Conj/Hex       ##....       19%         3    ###....

Your spell library contained the following spells:

 Spells                   Type           Power        Failure   Level  Hunger
 Iskenderun's Mystic Bla  Conj           ###.....     21%         4    #####..
 Force Lance              Conj/Tloc      ##......     52%         4    #####..
 Fulminant Prism          Conj/Hex       ##........   52%         4    #####..


Dungeon Overview and Level Annotations

Branches:
Dungeon (4/15)
 Temple: D:4-7

Altars:
Kikubaaqudgha
Okawaru
Qazlal
Sif Muna
Wu Jian
Yredelemnul
The Shining One


Innate Abilities, Weirdness & Mutations

You have large cloven feet.
Your flesh is cold resistant. (rC+)
Your movements are slightly less encumbered by armour. (ER -2)


Message History

Confirm with . or Enter, or press ? or * to list all spells.
Aiming: Magic Dart (safe; 1% risk of failure)
Press: ? - help, Shift-Dir - straight line, f - worker ant
Aim: a worker ant (almost dead)
The magic dart hits the worker ant.
The worker ant is almost dead.
You feel sick. The worker ant completely misses you.
The worker ant barely misses you.
There is an open door here.
Casting: Magic Dart (safe; 1% risk of failure)
Confirm with . or Enter, or press ? or * to list all spells.
Aiming: Magic Dart (safe; 1% risk of failure)
Press: ? - help, Shift-Dir - straight line, f/p - worker ant
Aim: a worker ant (severely wounded)
The magic dart hits the worker ant.
The worker ant is almost dead.
The worker ant bites you but does no damage.
You feel sick. The worker ant bites you.
You die...

###...###........# #........#
#....PPP######.### #..###...#
..P......# #.# #..##....#
.P..#....# ##'## #........#
...###...####...## #.###.##.#
........PP##.....## #.###.##.#
...............)..## #>.......#
##.._..##.........)####....####
#.......#.......@a.'........#
#########..........####...#.#
..........#.......## ##.##.#
##...#######.....## ####.#
##.## ##...## #.# ##.## ##'####
#.# #.#.# #.....# #.#
##.#########.....#########.#
#.# #.....................#


You could see a worker ant.

Vanquished Creatures
  A bullfrog skeleton (D:4)
  4 adders
  2 worms (D:2)
  2 dart slugs
  A giant cockroach (D:1)
  9 hobgoblins
  10 kobolds
  A ball python (D:2)
  9 bats
  4 frilled lizards
  7 goblins
  3 rats
53 creatures vanquished.

Notes
Turn   | Place    | Note
-------+----------+-------------------------------------------
     0 | D:1      | beigtais the Demonspawn Conjurer began the quest for the
                  | Orb.
     0 | D:1      | Reached XP level 1. HP: 13/13 MP: 3/3
   310 | D:1      | Gained mutation: You have large cloven feet. [demonic
                  | ancestry]
   310 | D:1      | Reached XP level 2. HP: 19/19 MP: 3/5
   806 | D:1      | Learned a level 2 spell: Searing Ray
   943 | D:2      | Found a glowing golden altar of the Shining One.
   944 | D:2      | Found a basalt altar of Yredelemnul.
   945 | D:2      | Found a deep blue altar of Sif Muna.
  1151 | D:2      | Found an ornate altar of the Wu Jian Council.
  1207 | D:2      | Found a stormy altar of Qazlal.
  1227 | D:2      | Gained mutation: Your flesh is cold resistant. (rC+)
                  | [demonic ancestry]
  1227 | D:2      | Reached XP level 3. HP: 24/24 MP: 1/6
  1573 | D:2      | Reached skill level 5 in Conjurations
  1857 | D:2      | Gained mutation: Your movements are slightly less
                  | encumbered by armour. (ER -2) [demonic ancestry]
  1857 | D:2      | Reached XP level 4. HP: 24/30 MP: 3/7
  2158 | D:2      | Found an iron altar of Okawaru.
  2565 | D:3      | Found an ancient bone altar of Kikubaaqudgha.
  3715 | D:4      | Noticed a phantom
  4076 | D:3      | Learned a level 3 spell: Dazzling Spray
  4219 | D:3      | Slain by a worker ant

Skill      XL: |  1  2  3 |
---------------+----------+-----
Dodging        | 2 |  2.3
Conjurations   | 5 |  5.4
Short Blades   | |  0.2
Stealth        | |  1.9
Spellcasting   | |  2.8

Action                   |  1- 3 |  4- 6 || total
-------------------------+-------+-------++-------
Melee: Unarmed           |     3 |       ||     3
       Dagger            |     7 |       ||     7
       Kick              |     3 |     4 ||     7
       Short sword       |    20 |    24 ||    44
Throw: Stone             |     4 |       ||     4
 Cast: Magic Dart        |    54 |    39 ||    93
       Searing Ray       |     4 |     6 ||    10
       Dazzling Spray    |       |     1 ||     1
  Use: Scroll            |     2 |     2 ||     4
       Potion            |     4 |     2 ||     6
 Stab: Sleeping          |     2 |     1 ||     3
  Eat: Chunk             |     4 |     5 ||     9
       Ration            |       |     1 ||     1
Armor: Robe              |    14 |     7 ||    21
Dodge: Dodged            |    43 |    33 ||    76
